 Dungeon Crawl Stone Soup version 0.23-a0-136-g722f094 (webtiles) character file.

11386 EvilAliv3 the Cleaver (level 11, -16/87 HPs)
             Began as a Demonspawn Berserker on Aug 28, 2018.
             Was an Elder of Trog.
             Demolished by a death yak simulacrum (31 damage)
             ... in an ice cave.
             The game lasted 01:42:09 (12542 turns).

EvilAliv3 the Cleaver (Demonspawn Berserker)       Turns: 12542, Time: 01:42:09

Health: -16/87     AC: 11    Str: 24    XL:     11   Next: 48%
Magic:  0/16       EV: 16    Int:  8    God:    Trog [****..]
Gold:   360        SH:  2    Dex: 13    Spells: 10/10 levels left

rFire    . . .     SeeInvis .   a - +3 hand axe (flame)
rCold    . . .     Gourm    .   (no shield)
rNeg     . . .     Faith    .   v - +3 leather armour {MR+}
rPois    .         Spirit   +   (helmet restricted)
rElec    .         Reflect  +   D - +0 cloak
rCorr    .         Harm     .   k - +0 pair of gloves
MR       +....                  (no boots)
Stlth    +++++.....             C - +2 amulet of reflection
HPRegen  0.24/turn              I - +4 ring of evasion
MPRegen  0.30/turn              y - +3 ring of strength

@: no status effects
A: antennae 1, slimy green scales 1, nightstalker 2, magic shield, magic
regeneration
a: Berserk, Trog's Hand, Brothers in Arms, Renounce Religion


You were in an ice cave.
You worshipped Trog.
Trog was greatly pleased with you.
You were not hungry.

You visited 1 branch of the dungeon, and saw 11 of its levels.
You also visited: Ice Cave.

You collected 360 gold pieces.

Inventory:

Hand Weapons
 a - a +3 hand axe of flaming (weapon)
 b - a +3 dagger of chaos
 f - a +0 blowgun
Missiles
 q - 255 stones (quivered)
 w - 9 tomahawks
 x - a throwing net
 E - 5 silver javelins
 H - 49 poisoned needles
 K - 2 tomahawks of returning
Armour
 k - a +0 pair of gloves (worn)
 l - a +0 plate armour
 n - a +0 scale mail
 v - a +3 leather armour of magic resistance (worn)
 D - a +0 cloak (worn)
Jewellery
 y - a +3 ring of strength (right hand)
 C - a +2 amulet of reflection (around neck)
 G - an uncursed ring of stealth
 I - a +4 ring of evasion (left hand)
 N - an uncursed ring of see invisible
Wands
 h - a wand of digging (16)
 i - a wand of flame (28)
 o - a wand of paralysis (13)
 L - a wand of iceblast (16)
 M - a wand of acid (8)
Scrolls
 d - a scroll of identify
 p - 2 scrolls of remove curse
 z - 4 scrolls of teleportation
 B - a scroll of enchant armour
Potions
 e - 7 potions of curing
 j - a potion of resistance {unknown}
 m - 5 potions of might
 r - a potion of invisibility {unknown}
 t - 2 potions of berserk rage {unknown}
 u - a potion of cancellation {unknown}
 A - a potion of brilliance {unknown}
 F - a potion of agility {unknown}
 J - a potion of flight {unknown}
Comestibles
 c - 19 rations


   Skills:
 + Level 8.4 Fighting
 + Level 5.4 Short Blades
 + Level 9.1 Axes
 + Level 5.3 Throwing
 + Level 5.4 Armour
 - Level 1.7 Dodging
 + Level 5.8 Stealth
 + Level 6.8 Evocations


You had 10 spell levels left.
You didn't know any spells.
Your spell library was empty.

Dungeon Overview and Level Annotations

Branches:
Dungeon (11/15)            Temple (0/1) D:4             Orc (0/2) D:11
   Lair: D:8-11

Altars:
Fedhas
Kikubaaqudgha
Makhleb
Nemelex Xobeh
Trog
Wu Jian

Shops:
D:7 %   D:8 }


Innate Abilities, Weirdness & Mutations

You have a pair of small antennae on your head.
You are partially covered in slimy green scales. (AC +2)
You are significantly more attuned to the shadows.
When hurt, damage is shared between your health and your magic reserves.
You regenerate magic rapidly.


Message History

You hit the death yak simulacrum but do no damage.
The elephant simulacrum tramples you but does no damage.
The elephant simulacrum trunk-slaps you but does no damage.
You hit the elephant simulacrum.
You melt the elephant simulacrum.
The elephant simulacrum vapourises!
Trog accepts your kill.
You hit the death yak simulacrum.
You melt the death yak simulacrum.
The death yak simulacrum gores you but does no damage.
You hit the death yak simulacrum but do no damage.
The death yak simulacrum is heavily damaged.
The death yak simulacrum gores you! The death yak simulacrum freezes you!!
* * * LOW HITPOINT WARNING * * *
You hit the death yak simulacrum but do no damage.
The death yak simulacrum is heavily damaged.
You hit the death yak simulacrum but do no damage.
The death yak simulacrum is heavily damaged.
The death yak simulacrum gores you.
* * * LOW HITPOINT WARNING * * *
The death yak simulacrum freezes you!!
You die...

#ZZ.#
...##
#...#
##...##
##.....##
#..Z§...#
#...@...#
##..∩..##
##...##
#####


You could see a death yak simulacrum.

Vanquished Creatures
  Harold (D:8)
  A hydra (D:8)
  A queen ant (D:8)
  Psyche (D:8)
  2 hornets
  A troll (D:9)
  Grinder (D:3)
  2 hippogriffs
  2 dream sheep (D:8)
  The ghost of Partyfoot the Stinger, an amateur GrVM (D:5)
  6 yaks
  A hungry ghost (D:10)
  11 soldier ants (D:8)
  Duvessa (D:5)
  A porcupine (D:8)
  An orc warrior (D:7)
  An eye of draining (D:8)
  4 sky beasts
  A hornet zombie (D:8)
  2 ice beasts
  8 ogres
  The ghost of Guenter the Shield-Bearer, an amateur FoFi (D:3)
  4 centaurs
  4 big kobolds
  4 bullfrogs
  3 scorpions
  Dowan (D:5)
  An elephant simulacrum (IceCv)
  6 crimson imps
  2 hounds
  2 jellies
  Crazy Yiuf (D:6)
  6 orc priests
  3 bullfrog skeletons (D:8)
  2 centaur skeletons
  An iron imp (D:8)
  5 iguanas
  3 orc wizards
  33 worker ants
  A killer bee zombie (D:6)
  2 howler monkey zombies
  7 gnolls (D:4)
  2 howler monkey skeletons (D:8)
  A river rat (D:8)
  7 adders
  4 shadow imps
  2 oozes (D:1)
  An adder skeleton (D:8)
  An adder zombie (D:8)
  3 worms
  4 dart slugs
  4 leopard geckos
  24 orcs
  A ball python (D:5)
  2 bat zombies (D:2)
  4 giant cockroaches
  6 goblins
  A hobgoblin (D:3)
  10 jackals
  5 kobolds
  6 quokkas
  3 bats
  5 frilled lizards
  A leopard gecko skeleton (D:5)
  6 rats
  A rat zombie (D:2)
246 creatures vanquished.

Vanquished Creatures (others)
  A kobold (D:7)
1 creature vanquished.

Grand Total: 247 creatures vanquished

Notes
Turn   | Place    | Note
-------+----------+-------------------------------------------
     0 | D:1      | EvilAliv3 the Demonspawn Berserker began the quest for the
                  | Orb.
     0 | D:1      | Reached XP level 1. HP: 18/18 MP: 1/1
   178 | D:1      | Reached skill level 3 in Axes
   430 | D:1      | Gained mutation: You are slightly more attuned to the
                  | shadows. [demonic ancestry]
   430 | D:1      | Reached XP level 2. HP: 24/24 MP: 2/2
   703 | D:1      | Gained mutation: When hurt, damage is shared between your
                  | health and your magic reserves. [demonic ancestry]
   703 | D:1      | Reached XP level 3. HP: 22/29 MP: 3/3
   875 | D:2      | Found a faded altar of an unknown god.
   951 | D:2      | Found a bloodstained altar of Trog.
  1444 | D:2      | Reached ** piety under Trog
  1473 | D:2      | Found an ancient bone altar of Kikubaaqudgha.
  1728 | D:3      | Noticed Grinder
  2066 | D:2      | Reached skill level 4 in Axes
  2066 | D:2      | Reached XP level 4. HP: 11/37 MP: 1/4
  2349 | D:3      | Found a blossoming altar of Fedhas.
  2433 | D:3      | Killed Grinder
  2433 | D:3      | Reached skill level 5 in Axes
  2433 | D:3      | Reached XP level 5. HP: 43/43 MP: 2/5
  2433 | D:3      | Reached XP level 6. HP: 49/49 MP: 2/6
  2905 | D:3      | Found a runed door.
  2909 | D:3      | Noticed Guenter's ghost (amateur FoFi)
  2919 | D:3      | Killed Guenter's ghost
  2919 | D:3      | Reached skill level 1 in Evocations
  3280 | D:4      | Noticed a hippogriff
  3289 | D:4      | Killed a hippogriff
  3289 | D:4      | Reached skill level 5 in Fighting
  3289 | D:4      | Reached skill level 6 in Axes
  3289 | D:4      | Gained mutation: You are partially covered in slimy green
                  | scales. (AC +2) [demonic ancestry]
  3289 | D:4      | Reached XP level 7. HP: 56/56 MP: 6/8
  3396 | D:4      | Found a sparkling altar of Nemelex Xobeh.
  3439 | D:4      | Found a staircase to the Ecumenical Temple.
  3967 | D:5      | Entered Level 5 of the Dungeon
  3992 | D:5      | Reached skill level 7 in Axes
  3992 | D:5      | Gained mutation: You are significantly more attuned to the
                  | shadows. [demonic ancestry]
  3992 | D:5      | Reached XP level 8. HP: 56/64 MP: 8/10
  4194 | D:5      | Found a transporter.
  4196 | D:5      | Noticed Partyfoot's ghost (amateur GrVM)
  4267 | D:5      | Noticed Duvessa
  4274 | D:5      | Noticed Dowan
  4286 | D:5      | Killed Dowan
  4517 | D:5      | Reached skill level 1 in Short Blades
  4517 | D:5      | Reached skill level 1 in Throwing
  4517 | D:5      | Reached skill level 1 in Stealth
  4649 | D:5      | Reached *** piety under Trog
  5387 | D:5      | Killed Duvessa
  5519 | D:5      | Gained mutation: You regenerate magic rapidly. [demonic
                  | ancestry]
  5519 | D:5      | Reached XP level 9. HP: 71/71 MP: 12/12
  5832 | D:5      | Found a transporter.
  5844 | D:5      | Killed Partyfoot's ghost
  6446 | D:6      | You fall through a shaft!
  6489 | D:7      | Found Poecuent's Food Boutique.
  6791 | D:6      | Found a runed door.
  6796 | D:6      | Noticed Crazy Yiuf
  6805 | D:6      | Killed Crazy Yiuf
  7814 | D:7      | Reached skill level 5 in Evocations
  8028 | D:8      | Reached skill level 8 in Axes
  8150 | D:8      | Found a burning altar of Makhleb.
  8205 | D:8      | Reached **** piety under Trog
  8298 | D:8      | Found Ocziuc's Gadget Shop.
  8490 | D:8      | Noticed Harold
  8507 | D:8      | Noticed a death yak
  8614 | D:8      | Reached XP level 10. HP: 79/79 MP: 13/13
  8643 | D:8      | Noticed a death yak
  8679 | D:8      | Noticed Psyche
  8693 | D:8      | Killed Psyche
  8828 | D:8      | Noticed a two-headed hydra
  8831 | D:8      | Killed a one-headed hydra
  8882 | D:8      | Noticed a death yak
  8940 | D:8      | Received a gift from Trog
  9007 | D:8      | Found an ornate altar of the Wu Jian Council.
  9192 | D:8      | Reached skill level 5 in Stealth
  9677 | D:8      | Noticed a queen ant
  9721 | D:8      | Killed a queen ant
  9723 | D:8      | Gained mutation: You have a pair of small antennae on your
                  | head. [demonic ancestry]
  9723 | D:8      | Reached XP level 11. HP: 61/86 MP: 12/15
 10327 | D:8      | Reached skill level 5 in Armour
 10405 | D:8      | Killed Harold
 10405 | D:8      | Reached skill level 5 in Short Blades
 10405 | D:8      | Reached skill level 5 in Throwing
 10417 | D:8      | Received a gift from Trog
 10894 | D:9      | Reached skill level 9 in Axes
 11629 | D:10     | Entered Level 10 of the Dungeon
 12308 | D:10     | You fall through a shaft!
 12329 | D:11     | Paralysed by a hornet for 2 turns
 12520 | D:11     | Found a frozen archway.
 12528 | IceCv    | Entered an ice cave
 12542 | IceCv    | Demolished by a death yak simulacrum

Vault maps used:
D:1:      nzn_arrival_settlement
D:2:      lemuel_doored_altar, lemuel_zombie_altar_kikubaaqudgha,
          chequers_ecumenical_altar_island
D:3:      overflow_temple_1_default, gammafunk_ghost_grave, uniq_grinder
D:4:      lemuel_round_altar, temple_pool_b, first_ration
D:5:      gammafunk_ghost_smash, feat_on_display, uniq_duvessa
D:6:      uniq_crazy_yiuf_cottage
D:7:      serial_shops, kennysheep_mini_moat
D:8:      makhleb_grotto_becter, lemuel_crystal_altar, dpeg_lair_monsters,
          serial_glass, glass_columns_c, glass_columns_a, serial_shops,
          shop_statue, hangedman_ranch, zaba_anthell, uniq_psyche, uniq_harold
D:10:     minmay_beelzebubs_servants
D:11:     orc_david_3, portal_ice_cave_entry_pillars_2, serial_shops,
          statue_bzr, uniq_erolcha
IceCv:    ice_cave_small_necro

Skill      XL: |  1  2  3  4  5  6  7  8  9 10 11 |
---------------+----------------------------------+-----
Axes           | 3 4 5 6 7 8 9 |  9.1
Fighting       | 4 5 6 7 8 |  8.4
Evocations     | 2 3 4 5 6 |  6.8
Short Blades   | 2 3 4 5 |  5.4
Throwing       | 2 3 4 5 |  5.3
Stealth        | 2 3 5 |  5.8
Armour         | 2 3 4 5 |  5.4
Dodging        | |  1.7

Action                   |  1- 3 |  4- 6 |  7- 9 | 10-12 || total
-------------------------+-------+-------+-------+-------++-------
Melee: Hand axe          |   108 |       |   110 |   353 ||   571
       War axe           |    28 |    91 |   237 |       ||   356
       Short sword       |       |       |    27 |       ||    27
       Dagger            |       |       |       |    17 ||    17
 Fire: Blowgun           |       |       |    18 |    35 ||    53
Invok: Berserk           |       |     4 |    10 |     5 ||    19
       Trog's Hand       |       |     1 |     5 |     5 ||    11
  Use: Scroll            |       |       |     9 |     7 ||    16
       Potion            |       |       |       |     5 ||     5
 Stab: Sleeping          |     1 |       |    17 |    13 ||    31
       Distracted        |       |     1 |       |     3 ||     4
  Eat: Chunk             |     3 |     4 |    19 |    18 ||    44
       Ration            |       |     1 |     3 |     1 ||     5
Armor: Ring mail         |    58 |    27 |    72 |       ||   157
       Animal skin       |     4 |       |       |       ||     4
       Leather armour    |       |       |    57 |    91 ||   148
Dodge: Dodged            |    66 |    62 |   193 |   206 ||   527
Block: Other             |       |       |    16 |    17 ||    33
       Reflection        |       |       |     1 |       ||     1

Table legend:
 A = Non-vault XP
 B = Vault XP
 C = Vault XP percentage of total XP
 D = Non-vault monster count
 E = Vault monster count
 F = Vault count percentage of total count
                 A         B        C        D         E       F
            +---------+---------+-------+---------+---------+-------
      Total |    7676 |    8591 |  52.8 |     181 |      65 |  26.4
            +---------+---------+-------+---------+---------+-------
        D:1 |      45 |       0 |   0.0 |      19 |       0 |   0.0
        D:2 |      41 |       5 |  10.9 |       6 |       3 |  33.3
        D:3 |     156 |     391 |  71.5 |      27 |       2 |   6.9
        D:4 |     735 |       0 |   0.0 |      17 |       0 |   0.0
        D:5 |    1338 |     685 |  33.9 |      32 |       5 |  13.5
        D:6 |     322 |      41 |  11.3 |      14 |       1 |   6.7
        D:7 |     793 |       0 |   0.0 |      12 |       0 |   0.0
        D:8 |    1362 |    7407 |  84.5 |      34 |      53 |  60.9
        D:9 |     857 |       0 |   0.0 |       9 |       0 |   0.0
       D:10 |    1316 |       0 |   0.0 |       8 |       0 |   0.0
       D:11 |     711 |       0 |   0.0 |       3 |       0 |   0.0
      IceCv |       0 |      62 | 100.0 |       0 |       1 | 100.0
            +---------+---------+-------+---------+---------+-------
